 Dungeon Sprint DCSS version 0.16-a0-3761-g2321f2b (console) character file.

13617 Monkaria the Brawler (level 11, -13/113 HPs)
             Began as a Troll Fighter on Jan 24, 2015.
             Was the Champion of Cheibriados.
             Killed from afar by Lom Lobon (45 damage)
             ... with a great icy blast
             ... in the Dungeon (Sprint I: "Red Sonja").
             The game lasted 00:20:45 (2436 turns).

Monkaria the Brawler (Troll Fighter)                Turns: 2436, Time: 00:20:54

Health: -13/113    AC:  8    Str: 44      XL:     11   Next: 77%
Magic:  17/17      EV: 20    Int: 16 (19) God:    Cheibriados [******]
Gold:   1042       SH: 15    Dex: 22      Spells: 0 memorised, 10 levels left

rFire  . . .     SeeInvis .       - Unarmed
rCold  . . .     Clarity  .     l - +2 robe {MR+}
rNeg   . . .     SustAb   .     c - +0 shield
rPois  .         Gourm    +     (helmet restricted)
rElec  .         Spirit   .     (no cloak)
rCorr  .         Warding  .     (gloves unavailable)
rMut   .         NoTele   +     (boots unavailable)
MR     +....                    (no amulet)
Stlth  ++........               (no ring)
                                (no ring)

@: very slightly contaminated, very slow, somewhat resistant to hostile
enchantments, unstealthy
A: unfitting armour, claws 3, thin metallic scales 1, clumsy 1, deformed body,
fast metabolism 3, gourmand, low mp 2, regeneration 3, shaggy fur 1, tough skin
2, forlorn
a: Bend Time, Temporal Distortion, Slouch, Step From Time, Renounce Religion


You were in the Dungeon.
You worshipped Cheibriados.
Cheibriados was exalted by your worship.
You were full.

You visited 1 branch You collected 3189 gold pieces.
You spent 2147 gold pieces at shops.

Inventory:

Hand weapons
 y - a +0 blowgun
 C - the +9 dagger of Ysuciepo {antimagic, +Rage}
   (You found it in the Dungeon)

   It disrupts the flow of magical energy around spellcasters and certain
   magical creatures (including the wielder).
   It lets you go berserk.
Missiles
 b - 7 curare-tipped needles
 v - a throwing net (quivered)
Armour
 c - a +0 shield (worn)
 l - a +2 robe of magic resistance (worn)
 F - the +1 cloak of Agnosticism {rPois+ rF- rC- Dex+6}
   (You bought it in a shop in the Dungeon)

   It affects your dexterity (+6).
   It makes you vulnerable to fire.
   It makes you vulnerable to cold.
   It protects you from poison.
Jewellery
 i - an uncursed amulet of resist mutation
 E - an uncursed amulet of clarity
Magical devices
 d - a wand of magic darts (22)
 k - a wand of polymorph (2)
 q - a wand of flame (28)
Scrolls
 f - 4 scrolls of identify
 j - a scroll of blinking
 m - 3 scrolls of remove curse
 s - a scroll of fear
 t - a scroll of recharging
 u - a scroll of enchant weapon
 w - 2 scrolls of enchant armour
 x - a scroll of fog
Potions
 e - a potion of might
 h - 2 potions of magic
 o - a potion of lignification
 p - 3 potions of heal wounds
 r - 2 potions of restore abilities
 z - a potion of agility
 A - a potion of brilliance
 B - 3 potions of curing
 D - a potion of resistance
Miscellaneous
 g - a lantern of shadows
Comestibles
 a - 2 meat rations
 n - a bread ration


   Skills:
 - Level 8.5 Fighting
 - Level 5.2 Armour
 + Level 11.1 Dodging
 - Level 11.0 Shields
 - Level 17.2 Unarmed Combat
 - Level 10.7 Invocations


You had 10 spell levels left.
You didn't know any spells.

Dungeon Overview and Level Annotations

Branches:
Dungeon (1/1)

Altars:
Cheibriados
Dithmenos
Elyvilon
Fedhas
Gozag
Kikubaaqudgha
Makhleb
Nemelex Xobeh
Okawaru
Qazlal
Ru
Sif Muna
Trog
Vehumet
Xom
Yredelemnul
Zin
The Shining One
Jiyva

Shops:
D [[?(=*?=((!(*%%[!!?[%

Annotations:
D Lom Lobon, Norris


Innate Abilities, Weirdness & Mutations

You are too large for most types of armour.
You have claws for hands.
Your metabolism is lightning-fast.
You like to eat raw meat.
You regenerate.
You are covered in fur (AC +1).
You have very tough skin (AC +2).
You are partially covered in thin metallic scales (AC +2).
You are clumsy. (Dex -2)
Armour fits poorly on your strangely shaped body.
Your magical capacity is very low (-20% MP).
You have difficulty communicating with the divine.


Message History

As you read the scroll of blinking, it crumbles to dust.
Which direction?
You close the door.
There is an open door, spattered with blood here.
Things that are here:
a flail; a morningstar
Things that are here:
a dagger; a robe
There is an open door, spattered with blood here.
You close the door.
There is an open door here.
You close the door.
There is a snail-covered altar of Cheibriados here.
Lom Lobon, Demon Lord of Forbidden Knowledge comes into view.
Lom Lobon screams, "Admit defeat, thou pecksniffian pigeon-egg scut!"
Lom Lobon blinks!
Lom Lobon gestures at you.
Lom Lobon conjures a mighty blast of ice!
The great icy blast engulfs you!
You die...

################################
#<.#..').#.['..#__#.)+)..#.(#.§.
#..').#..'..#§§@^.+..#)..##'#§##
#..#####'#####§#__####...)..#.#(
#..####..#...#&####§§#####..§§#'
#..#__####..##(#)≈≈§§#..##+####.
#..#_..__##'#.§§§§≈§(§..#..§(§#.
#⌠⌠#_.∩...'..._#§§≈.(#§.#.)§.§+.
####_..._##_§#'##'#####'###§..#.
*,,#_____###'#.#)[.(###.'.#...##
############.####'###.###.#..###


You could see Lom Lobon.

Vanquished Creatures
  A lorocyproca (D)
  2 centaur warriors (D)
  A deep troll (D)
  2 unseen horrors (D)
  A lindwurm (D)
  8 shining eyes (D)
  An oklob plant (D)
  A sixfirhy (D)
  2 sirens (D)
  2 gargoyles (D)
  2 kobold demonologists (D)
  4 demonic crawlers (D)
  4 trapdoor spiders (D)
  A yak (D)
  11 hogs (D)
  A wasp (D)
  An ice beast (D)
  An ogre (D)
  7 necrophages (D)
  Sigmund (D)
  8 jellies (D)
  Ijyb (D)
  A white imp (D)
  6 giant eyeballs (D)
  A ballistomycete (D)
71 creatures vanquished.

Vanquished Creatures (others)
  the Lernaean hydra (D)
  A hydra (D)
  A hellwing (D)
  A slime creature (D)
  2 hogs (D)
  4 wasps (D)
  A giant eyeball (D)
  2 giant spores (D)
13 creatures vanquished.

Grand Total: 84 creatures vanquished

Notes
Turn   | Place    | Note
--------------------------------------------------------------
     0 | D        | Monkaria, the Troll Fighter, began the quest for the Orb.
     0 | D        | Reached XP level 1. HP: 22/22 MP: 1/1
     2 | D        | Noticed Ijyb
    13 | D        | Killed Ijyb
    13 | D        | Reached skill level 5 in Unarmed Combat
    13 | D        | Reached XP level 2. HP: 29/29 MP: 1/1
    18 | D        | Noticed an ogre
    23 | D        | Killed an ogre
    23 | D        | Reached skill level 9 in Unarmed Combat
    23 | D        | Reached XP level 3. HP: 15/36 MP: 2/2
    23 | D        | Reached XP level 4. HP: 18/44 MP: 2/2
    88 | D        | Noticed Sigmund
    92 | D        | Killed Sigmund
    92 | D        | Reached skill level 11 in Unarmed Combat
    92 | D        | Reached XP level 5. HP: 48/50 MP: 2/2
   120 | D        | Found a snail-covered altar of Cheibriados.
   120 | D        | Found a viscous altar of Jiyva.
   120 | D        | Found a shadowy altar of Dithmenos.
   120 | D        | Found a blossoming altar of Fedhas.
   120 | D        | Noticed a slime creature
   140 | D        | Found a deep blue altar of Sif Muna.
   141 | D        | Noticed a jelly
   142 | D        | Found a radiant altar of Vehumet.
   145 | D        | Killed a jelly
   158 | D        | Killed a slime creature
   167 | D        | Found Epiuw's Antique Weapon Emporium.
   167 | D        | Found a white marble altar of Elyvilon.
   167 | D        | Found a stormy altar of Qazlal.
   167 | D        | Found a basalt altar of Yredelemnul.
   167 | D        | Found an iron altar of Okawaru.
   167 | D        | Found a sparkling altar of Nemelex Xobeh.
   167 | D        | Found a shimmering altar of Xom.
   167 | D        | Found an ancient bone altar of Kikubaaqudgha.
   167 | D        | Noticed a yak
   173 | D        | Killed a yak
   173 | D        | Reached XP level 6. HP: 34/71 MP: 3/3
   174 | D        | Found a burning altar of Makhleb.
   174 | D        | Found a sacrificial altar of Ru.
   174 | D        | Found a glowing golden altar of the Shining One.
   174 | D        | Found an opulent altar of Gozag.
   174 | D        | Found a glowing silver altar of Zin.
   175 | D        | Found a bloodstained altar of Trog.
   259 | D        | Noticed a centaur warrior
   265 | D        | Noticed a centaur warrior
   280 | D        | Killed a centaur warrior
   280 | D        | Reached skill level 14 in Unarmed Combat
   280 | D        | Reached XP level 7. HP: 68/78 MP: 3/3
   310 | D        | Noticed a wasp
   317 | D        | Killed a wasp
   317 | D        | Reached skill level 15 in Unarmed Combat
   317 | D        | Reached XP level 8. HP: 75/87 MP: 3/3
   320 | D        | Noticed an oklob plant
   321 | D        | Noticed a trapdoor spider
   325 | D        | Killed a trapdoor spider
   332 | D        | Killed a centaur warrior
   332 | D        | Reached skill level 17 in Unarmed Combat
   415 | D        | Killed an oklob plant
   415 | D        | Reached skill level 5 in Shields
   415 | D        | Reached XP level 9. HP: 93/93 MP: 4/4
   423 | D        | Noticed a trapdoor spider
   428 | D        | Noticed a trapdoor spider
   431 | D        | Killed a trapdoor spider
   435 | D        | Killed a trapdoor spider
   604 | D        | Noticed a deep troll
   609 | D        | Killed a deep troll
   662 | D        | Became a worshipper of Cheibriados the Contemplative
   676 | D        | Found Nuyng's Armour Emporium.
   710 | D        | Noticed a trapdoor spider
   711 | D        | Killed a trapdoor spider
   798 | D        | Killed an unseen horror
   932 | D        | Killed an unseen horror
   932 | D        | Reached skill level 10 in Shields
   932 | D        | Reached XP level 10. HP: 19/106 MP: 1/4
  1071 | D        | Noticed a jelly
  1072 | D        | Noticed a jelly
  1072 | D        | Noticed a jelly
  1072 | D        | Noticed a necrophage
  1078 | D        | Killed a jelly
  1080 | D        | Killed a jelly
  1084 | D        | Noticed a jelly
  1084 | D        | Noticed a jelly
  1084 | D        | Noticed a jelly
  1084 | D        | Noticed a necrophage
  1089 | D        | Killed a jelly
  1092 | D        | Killed a necrophage
  1092 | D        | Acquired Cheibriados' first power
  1093 | D        | Killed a jelly
  1098 | D        | Noticed a jelly
  1099 | D        | Killed a jelly
  1100 | D        | Killed a jelly
  1100 | D        | Acquired Cheibriados' second power
  1102 | D        | Killed a necrophage
  1103 | D        | Noticed a necrophage
  1103 | D        | Noticed a necrophage
  1103 | D        | Noticed a necrophage
  1105 | D        | Killed a jelly
  1114 | D        | Killed a necrophage
  1114 | D        | Acquired Cheibriados' third power
  1120 | D        | Killed a necrophage
  1123 | D        | Killed a necrophage
  1130 | D        | Noticed a necrophage
  1132 | D        | Paralysed by a giant eyeball for 4 turns
  1147 | D        | Noticed a necrophage
  1151 | D        | Killed a necrophage
  1154 | D        | Killed a necrophage
  1154 | D        | Reached skill level 5 in Armour
  1175 | D        | Found Tuyqeog's Jewellery Shoppe.
  1175 | D        | Found Ufaix's Magic Scroll Shop.
  1175 | D        | Found Ramaarot's Antique Weapon Boutique.
  1177 | D        | Found Fadug's Antique Weapon Emporium.
  1177 | D        | Found Sheun's Distillery.
  1177 | D        | Found Choitt's Antique Weapon Shoppe.
  1177 | D        | Found Phyadoly's Assorted Antiques.
  1177 | D        | Found Riyproaru's Food Emporium.
  1177 | D        | Found Shrir's Food Shop.
  1177 | D        | Found Ahuridgh's Armour Shoppe.
  1177 | D        | Found Seaceysch's Distillery.
  1178 | D        | Bought an uncursed amulet of resist mutation for 400 gold pieces
  1179 | D        | Bought a scroll of identify for 24 gold pieces
  1179 | D        | Bought a scroll of magic mapping for 42 gold pieces
  1179 | D        | Bought a scroll of identify for 24 gold pieces
  1180 | D        | Found Cuvvay's Magic Scroll Emporium.
  1180 | D        | Found Xuasuam's Distillery.
  1181 | D        | Found Quol's Food Emporium.
  1182 | D        | Bought a potion of lignification for 39 gold pieces
  1182 | D        | Bought a potion of heal wounds for 65 gold pieces
  1182 | D        | Bought a potion of heal wounds for 65 gold pieces
  1182 | D        | Bought a potion of curing for 39 gold pieces
  1184 | D        | Bought a scroll of identify for 32 gold pieces
  1184 | D        | Bought a grey potion for 14 gold pieces
  1184 | D        | Bought a scroll labeled ODAGUF NARGHOTE for 16 gold pieces
  1184 | D        | Bought a scroll labeled QEMAGG SAANE for 16 gold pieces
  1184 | D        | Bought a scroll of identify for 32 gold pieces
  1184 | D        | Bought a scroll labeled NIAPSA MEOX for 16 gold pieces
  1184 | D        | Bought a scroll labeled SHRAENO BLELI for 16 gold pieces
  1184 | D        | Bought a scroll of identify for 32 gold pieces
  1188 | D        | Bought a potion of mutation for 30 gold pieces
  1188 | D        | Bought a potion of mutation for 30 gold pieces
  1189 | D        | Bought a scroll of identify for 26 gold pieces
  1189 | D        | Bought a scroll of identify for 26 gold pieces
  1190 | D        | Bought a potion of lignification for 33 gold pieces
  1190 | D        | Bought a potion of heal wounds for 55 gold pieces
  1192 | D        | Bought a potion of heal wounds for 55 gold pieces
  1193 | D        | Bought a scroll of identify for 26 gold pieces
  1193 | D        | Bought a scroll of identify for 26 gold pieces
  1193 | D        | Bought a scroll of enchant armour for 97 gold pieces
  1193 | D        | Bought a scroll of remove curse for 39 gold pieces
  1193 | D        | Bought a scroll of fog for 26 gold pieces
  1194 | D        | Bought a potion of agility for 48 gold pieces
  1194 | D        | Bought a potion of restore abilities for 60 gold pieces
  1194 | D        | Bought a potion of brilliance for 48 gold pieces
  1210 | D        | Gained mutation: Your magical capacity is low (-10% MP). [potion of mutation]
  1210 | D        | Gained mutation: Scrolls take you a little longer to read. [potion of mutation]
  1210 | D        | Lost mutation: Scrolls take you a little longer to read. [potion of mutation]
  1211 | D        | Gained mutation: You have difficulty communicating with the divine. [potion of mutation]
  1211 | D        | Gained mutation: You are clumsy. (Dex -2) [potion of mutation]
  1211 | D        | Gained mutation: You regenerate. [potion of mutation]
  1245 | D        | Noticed Sonja
  1266 | D        | Noticed Sonja
  1266 | D        | Sonja changed into Sonja the ice beast
  1269 | D        | Killed Sonja the ice beast
  1269 | D        | Reached skill level 1 in Invocations
  1427 | D        | Got an ivory dagger
  1438 | D        | Identified the +9 dagger of Ysuciepo {antimagic, +Rage} (You found it in the Dungeon)
  1486 | D        | Found Ushraeli's Antique Armour Boutique.
  1501 | D        | Noticed a shining eye
  1501 | D        | Noticed a shining eye
  1508 | D        | Paralysed by a giant eyeball for 3 turns
  1512 | D        | Noticed a shining eye
  1512 | D        | Noticed a shining eye
  1513 | D        | Paralysed by a giant eyeball for 2 turns
  1516 | D        | Killed a shining eye
  1517 | D        | Paralysed by a giant eyeball for 2 turns
  1518 | D        | Killed a shining eye
  1518 | D        | Reached skill level 5 in Invocations
  1518 | D        | Gained mutation: You are partially covered in thin metallic scales (AC +2). [a shining eye]
  1525 | D        | Killed a shining eye
  1527 | D        | Paralysed by a giant eyeball for 4 turns
  1533 | D        | Killed a shining eye
  1536 | D        | Noticed a shining eye
  1536 | D        | Paralysed by a giant eyeball for 3 turns
  1539 | D        | Noticed a shining eye
  1542 | D        | Noticed a shining eye
  1544 | D        | Killed a shining eye
  1545 | D        | Noticed a shining eye
  1548 | D        | Killed a shining eye
  1551 | D        | Gained mutation: Armour fits poorly on your strangely shaped body. [a shining eye]
  1552 | D        | Killed a shining eye
  1552 | D        | Reached skill level 10 in Invocations
  1552 | D        | Reached XP level 11. HP: 113/113 MP: 9/18
  1552 | D        | Gained mutation: Your magical capacity is very low (-20% MP). [a shining eye]
  1556 | D        | Killed a shining eye
  1576 | D        | Found Mezahiol's Armour Shoppe.
  1576 | D        | Found Pnaut's Assorted Antiques.
  1576 | D        | Found Chegistru's Magic Scroll Emporium.
  1577 | D        | Found Cagebiq's Jewellery Shop.
  1583 | D        | Bought a bubbling grey potion for 27 gold pieces
  1583 | D        | Bought a square peridot amulet for 155 gold pieces
  1590 | D        | Bought a scroll of blinking for 75 gold pieces
  1646 | D        | Noticed a kobold demonologist
  1648 | D        | Noticed a kobold demonologist
  1648 | D        | Paralysed by a giant eyeball for 2 turns
  1651 | D        | Killed a kobold demonologist
  1653 | D        | Paralysed by a giant eyeball for 3 turns
  1660 | D        | Killed a kobold demonologist
  1696 | D        | Noticed a gargoyle
  1696 | D        | Noticed a demonic crawler
  1697 | D        | Noticed a lindwurm
  1697 | D        | Killed a gargoyle
  1699 | D        | who opened that door!!!!
  1700 | D        | Noticed a demonic crawler
  1702 | D        | Killed a demonic crawler
  1709 | D        | Killed a lorocyproca
  1711 | D        | Noticed a demonic crawler
  1711 | D        | Noticed a demonic crawler
  1712 | D        | Killed a lindwurm
  1714 | D        | Killed a demonic crawler
  1717 | D        | Killed a demonic crawler
  1719 | D        | Killed a demonic crawler
  1735 | D        | Noticed a gargoyle
  1780 | D        | Killed a wasp
  1810 | D        | Noticed a hog
  1812 | D        | Noticed a hog
  1813 | D        | Noticed a hog
  1814 | D        | Killed a hog
  1817 | D        | Noticed a hog
  1818 | D        | Killed a hog
  1821 | D        | Noticed a hog
  1822 | D        | Noticed a hog
  1824 | D        | Noticed a hog
  1826 | D        | Killed a hog
  1832 | D        | Killed a hog
  1833 | D        | Killed a hog
  1834 | D        | Killed a hog
  1837 | D        | Noticed a hog
  1839 | D        | Noticed a siren
  1839 | D        | Killed a hog
  1840 | D        | Noticed a wasp
  1842 | D        | Killed a hog
  1842 | D        | Reached skill level 10 in Dodging
  1843 | D        | Killed a hog
  1845 | D        | Killed a wasp
  1848 | D        | Killed a siren
  1850 | D        | Noticed a hog
  1882 | D        | Noticed a hog
  1884 | D        | Noticed a siren
  1886 | D        | Killed a hog
  1888 | D        | Killed a gargoyle
  1894 | D        | Killed a siren
  1926 | D        | Killed the 27-headed Lernaean hydra
  1939 | D        | Noticed a hog
  1941 | D        | Killed a hog
  1946 | D        | Killed a hog
  1950 | D        | Noticed a hog
  1961 | D        | Killed a wasp
  1983 | D        | Killed a hog
  1999 | D        | Killed a 12-headed hydra
  2005 | D        | Noticed Norris
  2033 | D        | Killed a wasp
  2051 | D        | Killed a hellwing
  2070 | D        | Bought an uncursed amulet of clarity for 200 gold pieces
  2168 | D        | Bought the +1 cloak of Agnosticism {rPois+ rF- rC- Dex+6} for 193 gold pieces
  2416 | D        | Noticed a deep elf master archer
  2436 | D        | Noticed Lom Lobon
  2436 | D        | Killed from afar by Lom Lobon

Action                   |  1- 3 |  4- 6 |  7- 9 | 10-12 || total
-------------------------+-------+-------+-------+-------++-------
Melee: Unarmed           |    11 |    16 |    58 |   137 ||   222
Throw: Throwing net      |       |       |       |     1 ||     1
Invok: Bend Time         |       |       |     1 |     1 ||     2
Evoke: Wand              |       |       |       |     4 ||     4
  Use: Potion            |       |     1 |     3 |     5 ||     9
       Scroll            |       |       |       |    11 ||    11
 Stab: Sleeping          |       |       |       |     2 ||     2
  Eat: Chunk             |       |     3 |     7 |    11 ||    21
